 Dungeon Crawl Stone Soup version 0.20-a0-465-g6513c8f (webtiles) character file.

1551 Dfrag the Thaumaturge (level 8, -4/41 HPs)
             Began as a Gargoyle Conjurer on Jan 12, 2017.
             Was an Initiate of Vehumet.
             Slain by an orc warrior
             ... wielding a +0 war axe
              (12 damage)
             ... on level 7 of the Dungeon.
             The game lasted 00:11:28 (6510 turns).

Dfrag the Thaumaturge (Gargoyle Conjurer)           Turns: 6510, Time: 00:11:28

Health: -4/41      AC:  9    Str: 13    XL:     8   Next: 88%
Magic:  20/20      EV: 14    Int: 17    God:    Vehumet [......]
Gold:   152        SH:  0    Dex:  8    Spells: 20/23 levels left

rFire  . . .     SeeInvis .     I - +0 flail (protect)
rCold  + . .     Gourm    .     a - +0 robe
rNeg   + . .     Faith    .     (no shield)
rPois  ∞         Spirit   .     (no helmet)
rElec  +         Reflect  .     d - +1 cloak
rCorr  .         Harm     .     (no gloves)
MR     .....                    (no boots)
Stlth  ++........               E - amulet of magic regeneration (curse)
                                (no ring)
                                G - ring of protection from cold

@: no status effects
A: repulsion field 1, clumsy 1, negative energy resistance 1, sense surroundings
1, electricity resistance, unbreathing, petrification resistance, rot immunity,
AC +5
a: Renounce Religion


You were on level 7 of the Dungeon.
You worshipped Vehumet.
Vehumet was noncommittal.
You were not hungry.

You visited 2 branches of the dungeon, and saw 8 of its levels.
You also visited: Sewer.

You collected 422 gold pieces.
You spent 270 gold pieces at shops.

Inventory:

Hand Weapons
 n - a +0 mace
 C - a +0 trident
 I - a +0 flail of protection (weapon)
Armour
 a - a +0 robe (worn)
 d - a +1 cloak (worn)
Jewellery
 E - a cursed amulet of magic regeneration (around neck)
 G - a ring of protection from cold (left hand)
Wands
 q - a wand of random effects (0/48)
Scrolls
 e - 7 scrolls of teleportation {unknown}
 f - 8 scrolls of identify {unknown}
 j - 3 scrolls of remove curse {unknown}
 k - 2 scrolls of random uselessness {unknown}
 m - 2 scrolls of fog {unknown}
 r - 3 scrolls of amnesia {unknown}
 t - a scroll of recharging {unknown}
 v - a scroll of blinking {unknown}
 y - a scroll of magic mapping {unknown}
 z - 2 scrolls of fear {unknown}
 D - a scroll of enchant armour {unknown}
 J - a scroll of immolation {unknown}
Potions
 g - 3 potions of curing
 h - a potion of cure mutation {unknown}
 i - a potion of invisibility {unknown}
 p - 2 potions of agility {unknown}
 s - a potion of ambrosia {unknown}
 u - 2 potions of flight {unknown}
 w - 4 potions of lignification {unknown}
 x - a potion of might
 A - a potion of brilliance {unknown}
 B - 2 potions of haste {unknown}
 M - a potion of heal wounds {unknown}
Books
 b - a book of Conjurations

   Spells                             Type                      Level
   a - Magic Dart                     Conjuration                  1
   b - Searing Ray                    Conjuration                  2
   c - Dazzling Spray                 Conjuration/Hexes            3
   d - Fulminant Prism                Conjuration/Hexes            4
   e - Iskenderun's Mystic Blast      Conjuration                  4
   f - Iskenderun's Battlesphere      Conjuration/Charms           5
 L - a book of Necromancy

   Spells                             Type                      Level
   a - Pain                           Necromancy                   1
   b - Animate Skeleton               Necromancy                   1
   c - Vampiric Draining              Necromancy                   3
   d - Regeneration                   Charms/Necromancy            3
   e - Animate Dead                   Necromancy                   4
   f - Control Undead                 Necromancy                   4
Comestibles
 c - 5 bread rations
 l - 4 royal jellies
 o - 2 meat rations
 F - 10 fruits
 H - a beef jerky


   Skills:
 - Level 1.5 Dodging
 - Level 2.1 Stealth
 * Level 8.3 Spellcasting
 + Level 8.2 Conjurations


You had 20 spell levels left.
You knew the following spells:

 Your Spells              Type           Power        Failure   Level  Hunger
a - Magic Dart            Conj           ####         1%          1    None
b - Searing Ray           Conj           #####.       1%          2    None


Dungeon Overview and Level Annotations

Branches:
Dungeon (7/15)             Temple (1/1) D:7

Altars:
Ashenzari
Cheibriados
Dithmenos
Elyvilon
Fedhas
Gozag
Hepliaklqana
Kikubaaqudgha
Makhleb
Nemelex Xobeh
Okawaru
Qazlal
Ru
Trog
Uskayaw
Vehumet
Xom
Yredelemnul
The Shining One

Shops:
D:4 *   D:5 *


Innate Abilities, Weirdness & Mutations

You are resistant to torment.
Your stone body is resilient. (AC +5)
You are immune to poison.
You resist negative energy. (rN+)
You are resistant to electric shocks. (rElec)
You can survive without breathing.
You are immune to petrification.
You are immune to rotting.
You are surrounded by a mild repulsion field. (EV +2)
You are clumsy. (Dex -2)
You passively map a small area around you.


Message History

You finish channeling your searing ray.
The orc warrior misses you.
There is a stone staircase leading down here.
Some of the chunks of flesh in your inventory have rotted away.
The orc warrior hits you but does no damage.
All of the chunks of flesh in your inventory have rotted away.
There is a stone staircase leading down here.
There is a stone staircase leading up here.
You climb upwards.
The orc warrior shouts!
The rust devil screeches!
The orc warrior shouts!
The rust devil screeches!
Found a war axe, a halberd, a glowing scimitar and a glowing morningstar.
There is a stone staircase leading down here.
You climb downwards.
The orc warrior hits you with a war axe!
* * * LOW HITPOINT WARNING * * *
The orc warrior barely misses you.
There is a stone staircase leading up here.
The orc warrior hits you with a war axe!
You die...

, #........... , *
##.......... , * *
#.......... *,
#..##'##### , ##.##)# ,
########+######.##)# , ,
#...............##(# *
#..............÷.#.#
#.....<@.......#.#.#
#.....o........#...# ###
#..............##..# #..
#..............##..###..
#.......[......###...'..
#..............# #.###..
#..............# #># #..
#..............# ### #..
, ,, * #..


You could see an orc warrior.

Vanquished Creatures
  2 sky beasts (D:5)
  A phantom (D:4)
  A centaur (D:5)
  4 bullfrogs
  A water moccasin skeleton (D:5)
  3 wights (D:7)
  2 crimson imps
  A jelly (D:7)
  A bullfrog zombie (D:5)
  2 hounds
  An orc priest (D:6)
  2 orc wizards (D:6)
  An iguana (D:7)
  Ijyb (D:3)
  6 worker ants
  A killer bee zombie (D:4)
  A hound zombie (D:7)
  A hound skeleton (D:6)
  A worker ant zombie (D:5)
  A howler monkey zombie (D:5)
  6 adders
  4 gnolls (D:7)
  2 river rats (Sewer)
  An ooze (D:5)
  An adder skeleton (D:6)
  3 worms
  3 dart slugs (D:4)
  9 leopard geckos
  8 orcs
  3 ball pythons
  3 giant cockroaches
  9 goblins
  3 hobgoblins
  8 jackals (D:3)
  5 quokkas
  12 bats
  13 frilled lizards
  11 kobolds
  2 quokka skeletons
  A quokka zombie (D:6)
  10 rats
151 creatures vanquished.

Notes
Turn   | Place    | Note
-------+----------+-------------------------------------------
     0 | D:1      | Dfrag the Gargoyle Conjurer began the quest for the Orb.
     0 | D:1      | Reached XP level 1. HP: 10/10 MP: 3/3
   194 | D:1      | Reached XP level 2. HP: 10/15 MP: 0/5
   236 | D:1      | Learned a level 2 spell: Searing Ray
   762 | D:1      | Reached XP level 3. HP: 19/19 MP: 5/7
  1202 | D:2      | Reached skill level 5 in Conjurations
  1207 | D:2      | Found a snail-covered altar of Cheibriados.
  1330 | D:2      | Found a glowing golden altar of the Shining One.
  1637 | D:3      | Noticed Ijyb
  1641 | D:3      | Killed Ijyb
  1641 | D:3      | Reached XP level 4. HP: 14/24 MP: 1/9
  2160 | D:3      | Reached XP level 5. HP: 21/28 MP: 4/10
  2803 | D:4      | Found a glowing drain.
  2808 | Sewer    | Entered a sewer
  3465 | D:4      | Noticed a phantom
  3967 | D:4      | Reached XP level 6. HP: 27/32 MP: 5/12
  4035 | D:4      | Found Midyi's Merry Market.
  4206 | D:4      | Killed a phantom
  4206 | D:4      | Reached skill level 5 in Spellcasting
  4444 | D:5      | Entered Level 5 of the Dungeon
  4608 | D:4      | Bought a cursed amulet of magic regeneration for 270 gold pieces
  4664 | D:5      | Found Ruigoq's Assorted Antiques.
  4760 | D:5      | Found a blossoming altar of Fedhas.
  4839 | D:5      | Reached XP level 7. HP: 32/36 MP: 10/15
  5031 | D:5      | Gained mutation: Your spells are a little harder to cast, but a little more powerful. [mutagenic meat]
  5032 | D:5      | Gained mutation: You are surrounded by a mild repulsion field. (EV +2) [mutagenic meat]
  5033 | D:5      | Gained mutation: You passively map a small area around you. [mutagenic meat]
  5034 | D:5      | Gained mutation: You are clumsy. (Dex -2) [mutagenic meat]
  5035 | D:5      | Lost mutation: Your spells are a little harder to cast, but a little more powerful. [mutagenic meat]
  5463 | D:6      | Reached XP level 8. HP: 31/41 MP: 9/18
  5923 | D:7      | Found a staircase to the Ecumenical Temple.
  5969 | Temple   | Entered the Ecumenical Temple
  6118 | Temple   | Became a worshipper of Vehumet
  6507 | D:6      | Noticed a rust devil
  6507 | D:6      | Noticed a rust devil
  6510 | D:7      | Slain by an orc warrior

Vault maps used:
D:1:      dpeg_arrival_chase
D:2:      tso_oasis_becter, lemuel_round_altar, first_bread
D:3:      roderic_cross_of_infinity, uniq_iyjb
D:4:      portal_sewer_entry_e, nicolae_alphabet_shops, minmay_misc_feat_tiny
D:5:      fedhas_altar_fruit_tree, serial_shops, nicolae_shop_statue_plus
D:6:      cheibrodos_iron_armory
Temple:   eino_temple_scatter_basement
Sewer:    sewer_co_cracked_pipes

Skill      XL: |  1  2  3  4  5  6  7  8 |
---------------+-------------------------+-----
Spellcasting   | 3 4 5 6 8 |  8.3
Conjurations   | 5 6 7 8 |  8.2
Dodging        | |  1.5
Stealth        | |  2.1

Action                   |  1- 3 |  4- 6 |  7- 9 || total
-------------------------+-------+-------+-------++-------
Melee: Unarmed           |    66 |       |       ||    66
       Mace              |    33 |   176 |       ||   209
       Flail             |       |       |     5 ||     5
 Cast: Magic Dart        |    63 |    28 |     6 ||    97
       Searing Ray       |     1 |    29 |    37 ||    67
Evoke: Wand              |       |     5 |       ||     5
  Use: Potion            |       |       |     1 ||     1
 Stab: Sleeping          |       |     1 |       ||     1
       Paralysed         |       |     6 |       ||     6
       Distracted        |       |     1 |       ||     1
  Eat: Chunk             |     3 |    11 |    10 ||    24
Armor: Robe              |    52 |   100 |    25 ||   177
Dodge: Dodged            |    74 |   192 |    54 ||   320
